Map: Dusk Towers

Players

ShinySalt - Winner!

  • Race: Zerg Zerg
  • League: Diamond

ILLBdA

  • Race: Protoss Protoss
  • League: Diamond

VOD

Have the link to the VOD?

Description

Time

  • Played on: Dec. 22, 2015, 8:27 a.m.
  • Length: 10:54
Show
View Real Time Build Order
Export as new Build Order

ShinySalt Zerg - Winner!

Build Orders: Hatch First 

Get SALT Encoding   

  12  0:01  Drone  
  13  0:07  Drone  
  14  0:19  Overlord  
  14  0:37  Drone x3  
  17  0:54  Hatchery  
  17  0:55  Drone  
  17  0:59  Drone  
  18  1:12  Spawning Pool  
  18  1:16  Extractor  
  18  1:17  Drone  
  17  1:23  Drone  
  19  1:48  Hatchery  
  19  1:49  Drone, Overlord  
  19  2:11  Drone x2  
  22  2:25  Hatchery  
  22  2:27  Queen  
  23  2:33  Zergling x4  
  25  2:40  Hatchery  
  24  2:53  Drone x2  
  24  2:54  Spine Crawler  
  25  3:04  Drone  
  26  3:07  Queen  
  26  3:09  Drone  
  29  3:23  Drone  
  29  3:26  Extractor  
  30  3:34  Evolution Chamber  
  29  3:42  Drone  
  29  3:43  Overlord  
  29  3:48  Lair  
  30  4:00  Drone  
  31  4:04  Metabolic Boost  
  31  4:06  Drone  
  31  4:09  Hatchery  
  31  4:15  Zergling x2  
  31  4:16  Zergling x4  
  34  4:18  Roach Warren  
  34  4:19  Drone  
  34  4:20  Drone  
  35  4:42  Overlord  
  35  4:43  Drone x3  
  38  4:54  Overlord  
  38  5:16  Glial Reconstitution, Roach  
  38  5:17  Roach x5  
  50  5:27  Queen  
  52  5:31  Burrow  
  49  5:54  Hatchery  
  48  5:59  Roach x2  
  52  6:07  Drone x3  
  55  6:14  Overseer  
  55  6:22  Spore Crawler  
  55  6:23  Spore Crawler  
  53  6:25  Drone  
  53  6:26  Drone x4  
  58  6:37  Overlord  
  58  6:38  Overlord  
  57  6:48  Evolution Chamber  
  57  6:49  Overlord, Drone  
  57  6:50  Evolution Chamber  
  56  7:00  Roach  
  56  7:01  Roach x2  
  62  7:04  Overlord  
  62  7:11  Ravager  
  62  7:14  Overseer  
  63  7:18  Overseer  
  63  7:22  Roach  
  65  7:26  Spore Crawler  
  65  7:29  Drone x7  
  71  7:36  Roach x2  
  75  7:40  Drone  
  75  7:41  Drone x2  
  75  7:43  Overseer  
  78  7:49  Roach x2  
  82  7:54  Zerg Missile Weapons Level 1  
  82  7:59  Ravager x4  
  82  8:05  Drone x4  
  87  8:06  Drone  
  87  8:09  Queen  
  93  8:18  Overlord  
  93  8:19  Overlord  
  93  8:23  Drone x3, Extractor  
  93  8:25  Overlord, Extractor  
  94  8:32  Roach  
  96  8:34  Overlord x2  
  96  8:40  Roach x3  
  102  8:47  Roach x3  
  108  8:53  Roach x2  
  112  8:56  Roach  
  112  8:57  Overlord  
  114  9:04  Roach  
  114  9:05  Roach  
  114  9:09  Roach  
  120  9:10  Roach x2  
  124  9:17  Overlord x2  
  124  9:21  Drone x3  
  124  9:22  Drone x3  
  130  9:25  Ravager  
  130  9:26  Ravager  
  130  9:28  Overlord  
  132  9:38  Overlord  
  132  9:41  Roach, Extractor  
  132  9:42  Roach x5  
  143  9:47  Overlord x2  
  139  9:54  Roach x4  
  144  10:02  Roach  
  144  10:03  Roach x3  
  152  10:11  Roach  
  154  10:18  Roach x3  
  160  10:22  Roach x3  
  160  10:23  Overlord x2, Roach  
  168  10:34  Roach  
  168  10:35  Overlord x2  
Show
View Real Time Build Order
Export as new Build Order

ILLBdA Protoss 

Build Orders: Cannon Rush 

Get SALT Encoding   

  12  0:01  Probe (Chrono Boost)  
  13  0:11  Probe (Chrono Boost)  
  14  0:22  Probe (Chrono Boost), Pylon  
  15  0:40  Probe (Chrono Boost)  
  16  0:46  Forge  
  16  0:51  Probe (Chrono Boost)  
  17  1:01  Probe (Chrono Boost)  
  18  1:12  Probe (Chrono Boost)  
  19  1:22  Probe (Chrono Boost), Pylon  
  20  1:31  Pylon  
  20  1:32  Pylon  
  20  1:37  Pylon  
  20  1:44  Photon Cannon  
  20  1:46  Photon Cannon  
  20  1:59  Pylon, Photon Cannon  
  20  2:03  Pylon  
  20  2:06  Photon Cannon  
  20  2:09  Probe (Chrono Boost)  
  21  2:27  Probe (Chrono Boost)  
  21  2:28  Pylon  
  21  2:29  Pylon  
  22  2:38  Probe (Chrono Boost)  
  23  2:46  Gateway  
  23  2:47  Photon Cannon  
  23  2:55  Probe (Chrono Boost)  
  23  2:58  Photon Cannon  
  24  2:59  Photon Cannon  
  24  3:04  Pylon  
  24  3:06  Assimilator  
  24  3:11  Assimilator  
  24  3:12  Probe (Chrono Boost)  
  25  3:28  Probe (Chrono Boost)  
  25  3:34  Cybernetics Core  
  26  3:37  Photon Cannon  
  26  3:39  Probe (Chrono Boost)  
  27  3:50  Probe (Chrono Boost)  
  28  3:56  Pylon  
  28  4:00  Probe (Chrono Boost)  
  29  4:11  Probe (Chrono Boost)  
  30  4:18  Warp Gate (Chrono Boost)  
  30  4:22  Mothership Core  
  32  4:33  Twilight Council  
  32  4:34  Nexus  
  32  4:40  Adept (Chrono Boost)  
  32  4:43  Probe (Chrono Boost)  
  35  4:47  Pylon  
  35  4:59  Pylon  
  34  5:09  Dark Shrine  
  34  5:11  Gateway  
  34  5:19  Stalker  
  36  5:28  Probe (Chrono Boost)  
  37  5:38  Gateway x2  
  37  5:43  Probe (Chrono Boost)  
  38  5:52  Gateway  
  38  5:59  Protoss Ground Weapons Level 1 (Chrono Boost)  
  38  6:09  Probe  
  39  6:18  Gateway  
  39  6:24  Gateway  
  39  6:31  Dark Templar  
  41  6:36  Dark Templar  
  42  6:48  Assimilator  
  42  6:52  Dark Templar  
  42  6:53  Assimilator  
  44  7:15  Dark Templar  
  46  7:25  Blink (Chrono Boost)  
  44  7:33  Stalker  
  44  7:35  Probe  
  47  7:42  Stalker  
  47  7:43  Stalker  
  51  7:45  Stalker  
  53  7:57  Stalker  
  53  7:58  Stalker, Pylon  
  57  8:00  Pylon  
  57  8:01  Archon  
  57  8:07  Stalker x2  
  57  8:14  Stalker  
  57  8:15  Stalker x2  
  63  8:21  Stalker x2  
  67  8:29  Stalker  
  69  8:37  Stalker  
  71  8:47  Stalker  
  73  8:54  Stalker  
  75  8:59  Stalker  
  77  9:11  Stalker x2  
  81  9:17  Stalker  
  83  9:24  Stalker  
  85  9:44  Pylon  
  85  10:04  Stalker  
  85  10:05  Stalker x3  
  93  10:11  Pylon  
  93  10:12  Pylon  
Tags
 
Add a new tag
Caveats
  • Supply blocks, unpowered buildings, or Contaminate may cause inaccurate times.
  • Supply counts are checked every 10 seconds.